 Dungeon Crawl Stone Soup version 0.25-a0-510-ge065f6de7d (webtiles) character file.

Game seed: 14978580957755864335, levelgen mode: classic

3451 EnegeticOcto the Cleaver (level 9, 31/82 HPs)
             Began as a Deep Dwarf Fighter on Feb 15, 2020.
             Was a Follower of Makhleb.
             Quit the game on level 8 of the Dungeon.
             The game lasted 00:03:56 (3895 turns).

EnegeticOcto the Cleaver (Deep Dwarf Fighter)       Turns: 3895, Time: 00:03:56

Health: 31/82      AC: 10    Str: 23    XL:     9   Next: 78%
Magic:  2/2        EV: 22    Int:  9    God:    Makhleb [*.....]
Gold:   174        SH: 11    Dex: 12    Spells: 8/8 levels left

rFire    . . .     SeeInvis .   v - +2 war axe (venom)
rCold    . . .     Gourm    .   c - +0 kite shield
rNeg     . . .     Faith    .   w - +0 plate armour
rPois    .         Spirit   .   (helmet restricted)
rElec    .         Reflect  .   q - +1 cloak
rCorr    .         Harm     .   (no gloves)
MR       +....                  (no boots)
Stlth    ..........             l - amulet of the acrobat
HPRegen  0.00/turn              (no ring)
MPRegen  0.08/turn              (no ring)

@: acrobat, non-regenerating
A: damage resistance, heal wounds, beak, deformed body, sense surroundings 2,
evolution 1, no regeneration
a: Heal Wounds, Renounce Religion


You were on level 8 of the Dungeon.
You worshipped Makhleb.
Makhleb was aware of your devotion.
You were not hungry.

You visited 2 branches of the dungeon, and saw 9 of its levels.

You collected 336 gold pieces.
You spent 162 gold pieces at shops.

Inventory:

Hand Weapons
 r - a +3 dagger of distortion
 v - a +2 war axe of venom (weapon)
Missiles
 u - a throwing net (quivered)
Armour
 c - a +0 kite shield (worn)
 q - a +1 cloak (worn)
 w - a +0 plate armour (worn)
Jewellery
 l - an amulet of the acrobat (around neck)
Wands
 n - a wand of disintegration (9)
 z - a wand of enslavement (9)
Scrolls
 a - a scroll of teleportation {@r2}
 j - 5 scrolls of identify {@r1}
 o - a scroll of noise
 p - a scroll of vulnerability
 t - 6 scrolls of remove curse {@r6}
Potions
 d - a potion of magic {unknown}
 g - a potion of degeneration
 h - 2 potions of flight
 i - 4 potions of agility {@q5}
 k - 3 potions of curing {@q1}
 m - 2 potions of heal wounds {@q2}
 s - a potion of resistance {unknown}
Comestibles
 e - 8 rations
 f - 12 chunks of flesh


   Skills:
 * Level 6.1 Fighting
 * Level 8.5 Axes
 + Level 6.6 Armour
 + Level 5.5 Dodging
 + Level 6.7 Shields
 * Level 5.2 Invocations


You had 8 spell levels left.
You didn't know any spells.
Your spell library contained the following spells:

 Spells                   Type           Power        Failure   Level  Hunger
 Corona                   Hex            #......      100%        1    ##.....
 Magic Dart               Conj           #...         100%        1    ##.....
 Blink                    Tloc           N/A          100%        2    ###....
 Call Imp                 Summ           #.......     100%        2    ###....
 Ensorcelled Hibernation  Hex/Ice        #.....       100%        2    ###....
 Slow                     Hex            #.......     100%        2    ###....
 Confusing Touch          Hex            #.......     100%        3    ####...
 Conjure Flame            Conj/Fire      #.......     100%        3    ####...
 Dazzling Flash           Conj/Hex       #.....       100%        3    ####...
 Mephitic Cloud           Conj/Pois/Air  #.......     100%        3    ####...
 Tukima's Dance           Hex            #.......     100%        3    ####...


Dungeon Overview and Level Annotations

Branches:
Dungeon (8/15)             Temple (1/1) D:7
   Lair: D:8-11

Altars:
Ashenzari
Dithmenos
Elyvilon
Fedhas
Gozag
Hepliaklqana
Kikubaaqudgha
Makhleb
Nemelex Xobeh
Okawaru
Qazlal
Ru
Sif Muna
Uskayaw
Vehumet
Yredelemnul
Zin
The Shining One

Shops:
D:4 %   D:6 (

Annotations:
D:8 Joseph


Innate Abilities, Weirdness & Mutations

You are resistant to damage.
You can heal yourself by infusing magical energy.
You passively map the area around you.
You do not regenerate.
You have a beak for a mouth.
Armour fits poorly on your strangely shaped body.
You evolve.


Message History

The wolf is severely wounded.
You closely miss the wolf.
You feel very sick. The wolf bites you but does no damage.
You block the wolf's attack. The wolf barely misses you.
You block the wolf's attack.
You slash the wolf!
You kill the wolf!
Makhleb accepts your kill.
You hit the wolf.
The wolf is poisoned.
You feel very sick. You block the wolf's attack.
You closely miss the wolf. Your peck misses the wolf.
The wolf is lightly wounded.
You feel very sick. The wolf bites you. You block the wolf's attack.
You slash the wolf!
The wolf looks as sick as possible!
Your peck misses the wolf.
The wolf is almost dead.
You feel very sick. The wolf bites you. The wolf bites you but does no damage.
You slash the wolf!
You kill the wolf!
Makhleb accepts your kill.
You feel very sick.
No target in view!
No target in view!
No target in view!
No target in view!
No target in view!
No target in view!
No target in view!
No target in view!
No target in view!
No target in view!
You feel sick.
Things that are here:
a +0 halberd of venom; a +0 animal skin; the gnoll corpse of Grum You butcher the gnoll corpse of Grum.
f - 12 chunks of flesh (gained 2)
Things that are here:
a +0 halberd of venom; a +0 animal skin; the gnoll skeleton of Grum You feel very sick.
Things that are here:
a +0 halberd of venom; a +0 animal skin; the gnoll skeleton of Grum You feel sick.
You butcher the wolf corpse.
f - 14 chunks of flesh (gained 2)
There is a stone staircase leading up, spattered with blood here.
You see here a wolf skeleton.
You feel sick.
There is a stone staircase leading up, spattered with blood here.
You see here a wolf skeleton.
You feel very sick.
e - 8 rations (gained 1)
You feel sick.
You feel sick.
You butcher the wolf corpse.
f - 16 chunks of flesh (gained 2)
You see here a wolf skeleton. x2
You now have 174 gold pieces (gained 14).
You open the door.
There is an open door here.
You see here a +0 robe.
You see here a +0 robe.
There is an open door here.
Found a stone staircase leading down.
There is a stone staircase leading down here.
You open the door.
Found a ring mail.
Some of the chunks of flesh in your inventory have rotted away.
You are no longer poisoned.
You open the door. 5 orcs, an orc wizard and Joseph come into view.
The orc wizard is wielding a +1 dagger of speed.
Joseph shouts!
The orc shouts! x2; The orc wizard shouts!
The orc shouts!
Joseph unwields a +0 quarterstaff.
Joseph wields a +0 hunting sling.
Joseph shoots a sling bullet.
You block the sling bullet.
Found a glowing leather armour.
Found a stone staircase leading up.
There is an open door here.
You see here a sling bullet.
There are monsters nearby!
There are monsters nearby!
There are monsters nearby!
There are monsters nearby!
The orc hits you with a +0 short sword.
The orc wizard gestures wildly while chanting.
The orc wizard seems to speed up.
You are too injured to fight recklessly!
You are too injured to fight recklessly!
You are too injured to fight recklessly!
You are too injured to fight recklessly!
You are too injured to fight recklessly!
You are too injured to fight recklessly!
You are too injured to fight recklessly!
You are too injured to fight recklessly!
You are too injured to fight recklessly!
You are too injured to fight recklessly!
You are too injured to fight recklessly!
You are too injured to fight recklessly!
Are you sure you want to abandon this character and quit the game? (Confirm with "yes".)

* ..............# *
..............#
,..............## *
## ######.........# ,
... #.........# *
.... #......>..# , ,
.....#### #.........#
,
........###.####'##.#
, , ......o@(.#.#
#.##.# ,, ,
,,......o.#.#.#
#[...# #..o..[o#.#.#
###### *
#..<..o.#.#.# ,
#...o..@#.#.# * *
#.......#...# *
#.......#####
#.......# *, , ,, *


You could see Joseph, an orc wizard and 5 orcs.

Vanquished Creatures
  Psyche (D:8)
  Prince Ribbit (D:6)
  2 wyverns (D:8)
  Grum (D:8)
  2 water moccasins (D:8)
  An ogre (D:6)
  2 sky beasts (D:7)
  An orc warrior (D:8)
  2 black bears (D:8)
  4 wolves (D:8)
  A centaur (D:7)
  2 bullfrogs
  4 scorpions
  4 wights (D:8)
  A crimson imp (D:5)
  A centaur zombie (D:5)
  2 hounds (D:6)
  2 jellies
  4 orc priests
  Crazy Yiuf (D:6)
  A centaur skeleton (D:4)
  An iguana (D:7)
  2 bullfrog skeletons (D:4)
  5 orc wizards
  6 worker ants
  2 hound skeletons
  3 worker ant zombies
  3 gnolls (D:6)
  4 adders
  3 shadow imps
  3 dart slugs (D:4)
  5 leopard geckos
  17 orcs
  2 bats
  3 giant cockroaches
  2 goblins
  4 hobgoblins
  2 jackals (D:4)
  2 quokkas
  3 frilled lizards
  A giant cockroach zombie (D:5)
  2 kobolds
115 creatures vanquished.

Notes
Turn   | Place    | Note
-------+----------+-------------------------------------------
     0 | D:1      | EnegeticOcto the Deep Dwarf Fighter began the quest for the
                  | Orb.
     0 | D:1      | Reached XP level 1. HP: 20/20 MP: 1/1
    84 | D:1      | Reached XP level 2. HP: 21/27 MP: 2/2
   329 | D:4      | Reached skill level 1 in Dodging
   329 | D:4      | Reached XP level 3. HP: 22/33 MP: 3/3
   339 | D:4      | Reached skill level 3 in Axes
   349 | D:4      | Found a white marble altar of Elyvilon.
   493 | D:4      | Reached XP level 4. HP: 34/42 MP: 4/4
   630 | D:4      | Reached XP level 5. HP: 34/49 MP: 5/5
   656 | D:4      | Reached skill level 4 in Axes
   668 | D:4      | Found Xaloux's Food Emporium.
   736 | D:4      | Reached XP level 6. HP: 56/56 MP: 6/6
   765 | D:4      | Found a basalt altar of Yredelemnul.
   937 | D:4      | Found a hide-covered altar of Uskayaw.
   940 | D:4      | Found a shimmering blue altar of Sif Muna.
  1110 | D:5      | Entered Level 5 of the Dungeon
  1193 | D:5      | Found a sparkling altar of Nemelex Xobeh.
  1346 | D:5      | Reached skill level 5 in Axes
  1791 | D:6      | Reached XP level 7. HP: 45/63 MP: 7/7
  1895 | D:6      | Noticed Prince Ribbit
  2007 | D:6      | Reached skill level 5 in Armour
  2007 | D:6      | Reached skill level 5 in Shields
  2137 | D:6      | Reached skill level 6 in Axes
  2140 | D:6      | Found Zeysuiph's Antique Weapon Boutique.
  2147 | D:6      | Bought a glowing war axe for 162 gold pieces
  2336 | D:6      | Killed Prince Ribbit
  2336 | D:6      | Reached XP level 8. HP: 46/73 MP: 4/4
  2484 | D:6      | Found a runed translucent door.
  2485 | D:6      | Noticed Crazy Yiuf
  2654 | D:6      | Killed Crazy Yiuf
  2818 | D:7      | Reached skill level 7 in Axes
  2845 | D:7      | Found a staircase to the Ecumenical Temple.
  2851 | Temple   | Entered the Ecumenical Temple
  2890 | Temple   | Became a worshipper of Makhleb the Destroyer
  3035 | D:7      | Found a blossoming altar of Fedhas.
  3073 | D:7      | Found an iron altar of Okawaru.
  3206 | D:7      | Found an opulent altar of Gozag.
  3255 | D:7      | Found an ancient bone altar of Kikubaaqudgha.
  3360 | D:8      | Reached skill level 1 in Invocations
  3366 | D:8      | Gained mutation: Your spells are a little harder to cast,
                  | but a little more powerful. [potion of mutation]
  3366 | D:8      | Gained mutation: You have a beak for a mouth. [potion of
                  | mutation]
  3367 | D:8      | Lost mutation: Your spells are a little harder to cast, but
                  | a little more powerful. [potion of mutation]
  3367 | D:8      | Gained mutation: Armour fits poorly on your strangely
                  | shaped body. [potion of mutation]
  3367 | D:8      | Gained mutation: You evolve. [potion of mutation]
  3426 | D:8      | Reached skill level 5 in Fighting
  3458 | D:8      | Gained mutation: You passively map the area around you.
                  | [Deep Dwarf growth]
  3458 | D:8      | Reached XP level 9. HP: 35/81 MP: 4/6
  3479 | D:8      | Reached skill level 5 in Dodging
  3673 | D:8      | Noticed Psyche
  3683 | D:8      | Killed Psyche
  3683 | D:8      | Reached skill level 8 in Axes
  3811 | D:8      | Noticed Grum
  3822 | D:8      | Reached * piety under Makhleb
  3835 | D:8      | Killed Grum
  3835 | D:8      | Reached skill level 5 in Invocations
  3893 | D:8      | Noticed Joseph
  3895 | D:8      | Quit the game

Levels and vault maps discovered:
D:1:      dpeg_arrival_rooms_with_view, layout_basic
D:2:      layout_loops_ring, kennysheep_generic_room_3
D:3:      layout_basic, kennysheep_orc_chapel, uniq_sigmund, uniq_jessica
D:4:      layout_loops_cross, elyvilon_altar_1, yredelemnul_altar_generic,
          chequers_temple_overflow_statue_of_worship,
          chequers_serial_rivers_room_b, kennysheep_windowed_goal
D:5:      layout_cave_pods, nemelex_xobeh_ov_fountains_minmay, first_ration
D:6:      layout_loops_ring, serial_shops, shop, uniq_prince_ribbit1,
          uniq_crazy_yiuf_cottage
D:7:      layout_rooms, old_standard_altar, okawaru_ov_weapons_minmay,
          lemuel_coloured_pillars_altar, minmay_temple_entry_ruins,
          nicolae_gozag_cash_rules_everything_around_me
D:8:      minmay_spotlight, layout_basic, lair_entry_dummy, uniq_psyche,
          uniq_grum, uniq_joseph
Temple:   nicolae_temple_god_jail

Skill      XL: |  1  2  3  4  5  6  7  8  9 |
---------------+----------------------------+-----
Dodging        | 1 2 4 5 |  5.5
Axes           | 3 4 5 6 7 8 |  8.5
Fighting       | 3 4 5 6 |  6.1
Shields        | 4 5 6 |  6.7
Armour         | 4 5 6 |  6.6
Invocations    | 2 5 |  5.2

Action                   |  1- 3 |  4- 6 |  7- 9 || total
-------------------------+-------+-------+-------++-------
Melee: War axe           |    64 |   113 |   254 ||   431
       Peck              |       |       |    23 ||    23
 Abil: Heal Wounds       |     1 |     1 |    31 ||    33
  Use: Potion            |       |       |     3 ||     3
       Scroll            |       |       |    17 ||    17
  Eat: Chunk             |       |     3 |     4 ||     7
       Ration            |       |       |     1 ||     1
Armor: Scale mail        |    34 |    41 |    90 ||   165
       Plate armour      |       |       |    30 ||    30
Dodge: Dodged            |    19 |    37 |   143 ||   199
Block: Kite shield       |    31 |    46 |   209 ||   286

Table legend:
 A = Non-vault XP
 B = Vault XP
 C = Vault XP percentage of total XP
 D = Non-vault monster count
 E = Vault monster count
 F = Vault count percentage of total count
                 A         B        C        D         E       F
            +---------+---------+-------+---------+---------+-------
      Total |    3219 |    1712 |  34.7 |     100 |      15 |  13.0
            +---------+---------+-------+---------+---------+-------
        D:1 |      15 |       1 |   6.2 |       8 |       1 |  11.1
        D:2 |       4 |       0 |   0.0 |       2 |       0 |   0.0
        D:3 |       3 |       0 |   0.0 |       2 |       0 |   0.0
        D:4 |     445 |      20 |   4.3 |      23 |       3 |  11.5
        D:5 |     209 |       0 |   0.0 |      12 |       0 |   0.0
        D:6 |     716 |     310 |  30.2 |      23 |       2 |   8.0
        D:7 |     471 |       0 |   0.0 |      11 |       0 |   0.0
        D:8 |    1356 |    1381 |  50.5 |      19 |       9 |  32.1
            +---------+---------+-------+---------+---------+-------
